 Dungeon Crawl Stone Soup version 0.30-a0-808-g6e0788376e (webtiles) character file.

Game seed: 8618984711048359109

5996 Monkooky the Destroyer (level 10, 0/74 HPs)
             Began as a Demigod Delver on Feb 25, 2023.
             Killed by divine providence
             ... invoked by an orc priest
              (12 damage)
             ... on level 9 of the Dungeon on Feb 26, 2023.
             The game lasted 00:26:58 (10572 turns).

Monkooky the Destroyer (Demigod Delver)            Turns: 10572, Time: 00:26:59

Health: 0/74       AC:  8    Str: 13    XL:     10   Next: 30%
Magic:  10/23      EV: 12    Int: 30    God:
Gold:   462        SH:  5    Dex: 19    Spells: 2/21 levels left

rFire   . . .      SeeInvis .    S - +7 flail (flame)
rCold   . . .      Faith    .    (no shield)
rNeg    . . .      Spirit   .    M - +0 robe {Archmagi}
rPois   +          Reflect  +    r - +0 helmet
rElec   .          Harm     .    O - +0 cloak
rCorr   .          Rampage  .    (no gloves)
Will    +....      Archmagi +    (no boots)
Stlth   +++                      f - amulet of Dawn {Reflect rPois Dex+4 SH+5}
HPRegen 0.32/turn                e - +6 ring of intelligence
MPRegen 0.18/turn                P - +4 ring of protection

@: no status effects
A: high MP 1, forlorn, divine attributes
a: no special abilities


You were on level 9 of the Dungeon.
You visited 1 branch of the dungeon, and saw 9 of its levels.

You collected 462 gold pieces.

Inventory:

Hand Weapons
 a - a +0 short sword
 h - a +0 dagger
 o - a +3 dagger
 B - a +0 rapier
 L - a +2 great sword of freezing
 Q - a +4 dagger of chaos
 S - a +7 flail of flaming (weapon)
Missiles
 j - 4 boomerangs
 U - a throwing net
Armour
 b - a +0 leather armour
 r - a +0 helmet (worn)
 C - an orb of light
 D - a +2 ring mail of cold resistance
 E - a +0 robe
 M - a +0 robe of the Archmagi (worn)
 O - a +0 cloak (worn)
Magical Staves
 v - a staff of poison
 I - a staff of air
Jewellery
 e - a +6 ring of intelligence (left hand)
 f - the amulet of Dawn (around neck) {Reflect rPois Dex+4 SH+5}
   (You took it off a wight on level 5 of the Dungeon)

   [amulet of reflection]

   It reflects blocked missile attacks.
   Dex:       It affects your dexterity (+4).
   rPois:     It protects you from poison.
   SH:        It affects your SH (+5).
 m - a ring of ice
 K - a ring of protection from cold
 P - a +4 ring of protection (right hand)
 R - a ring of protection from cold
 X - a ring of protection from cold
Wands
 g - a wand of digging (3)
 i - a wand of flame (8)
 k - a wand of polymorph (11)
 G - a wand of mindburst (13)
 J - a wand of roots (11)
Scrolls
 c - a scroll of fog
 d - 5 scrolls of magic mapping
 l - 2 scrolls of silence
 n - 7 scrolls of teleportation
 p - a scroll of noise
 q - 3 scrolls of enchant armour {unknown}
 x - a scroll of poison
 y - 2 scrolls of blinking
 z - a scroll of torment
 F - 3 scrolls of immolation
 V - a scroll of identify
 W - 2 scrolls of enchant weapon
Potions
 s - a potion of attraction
 t - 2 potions of curing
 u - 2 potions of might {unknown}
 w - a potion of lignification
 A - 2 potions of ambrosia {unknown}
 H - a potion of magic {unknown}
 N - 3 potions of mutation {unknown}
 T - a potion of heal wounds {unknown}


   Skills:
 - Level 2.6 Fighting
 - Level 1.7 Short Blades
 - Level 1.7 Dodging
 - Level 4.5 Stealth
 + Level 6.4 Spellcasting
 * Level 9.0 Conjurations
 * Level 9.0 Fire Magic


You had 2 spell levels left.
You knew the following spells:

 Your Spells              Type           Power      Damage    Failure   Level
a - Foxfire               Conj/Fire      100%       2x1d9     1%          1
b - Sticky Flame          Conj/Fire      77%        2d9       1%          4
c - Fireball              Conj/Fire      38%        3d16      3%          5
d - Starburst             Conj/Fire      38%        6d11      19%         6
e - Ignite Poison         Fire/Tmut/Pois 41%        N/A       4%          3

Your spell library contained the following spells:

 Spells                   Type           Power      Damage    Failure   Level
 Dazzling Flash           Conj/Hex       100%       N/A       2%          3
 Iskenderun's Mystic Bla  Conj/Tloc      53%        2d11      8%          4
 Ignition                 Fire           38%        3d11      100%        8


Dungeon Overview and Level Annotations

Branches:
Dungeon (9/15)             Temple (0/1) D:5            Lair (0/5) D:9
    Orc: D:9-12

Annotations:
D:3 Terence
D:7 exclusion: downstairs
D:8 3 runed translucent doors, asti's ghost, novice MiBe
D:9 1 runed translucent door


Innate Abilities, Weirdness & Mutations

You have an increased reservoir of magic. (+10% MP)
You shall have no god before yourself.
Your divine heritage dramatically boosts your attributes as you level up.


Message History

The troll is severely wounded.
The troll burns!
The troll bites you! The troll claws you! You block the troll's attack.
The troll burns!
The orc wizard gestures wildly while chanting.
The orc wizard flickers and vanishes!
Deactivating autopickup; reactivate with Ctrl-A.
Casting: Sticky Flame (dangerous; 1% risk of failure)
Confirm with . or Enter, or press ? or * to list all spells.
Aiming: Fireball (dangerous; 3% risk of failure)
Press: ? - help, Shift-Dir - straight line, p - troll
Okay, then.
The troll burns!
The centaur warrior wields a +0 shortbow.
The centaur warrior shoots an arrow.
The arrow hits you!
Casting: Fireball (dangerous; 3% risk of failure)
Confirm with . or Enter, or press ? or * to list all spells.
Aiming: Fireball (dangerous; 3% risk of failure)
Press: ? - help, Shift-Dir - straight line, p - troll You feel a surge of power!
The fireball explodes!
The fireball engulfs the troll!
You kill the troll!
The troll leather armour is intact enough to wear.
The fireball engulfs the centaur warrior!!
The centaur warrior is moderately wounded.
You hear a bellow! x2; You hear an angry buzzing noise.
An orc priest comes into view. It is wielding a +0 mace.
The centaur warrior shoots an arrow.
The arrow hits you!
* * * LOW HITPOINT WARNING * * *
Your Fire Magic skill increases to level 9!
The centaur warrior unwields a +0 shortbow.
The centaur warrior hits you.
* * * LOW HITPOINT WARNING * * *
The centaur warrior kicks you but does no damage.
Things that are here:
a +0 troll leather armour; a troll corpse You feel better.
The orc priest invokes the aid of Beogh against you.
Beogh smites you!
You die...

♣###....### .... #.#.
.♣♣###....# ..o #...
...♣♣#...### ####
♣...♣##....###### #
♣....♣#....##.[!# #
♣....♣##...##$.? #
♣.....♣#.######## #
♣.....♣#...##...## #
♣.....♣#.###....@## #
......♣#.##).....c### #
.....♣##..#.........# #
_....♣#...#.......#..# #
.....♣#..###......##.o..
#
....♣##....##......###...
# ♣♣♣♣♣#.....######...##
.. ### # ######.....#
##...###. ##.###
.......###.# ##.)#.#
##.....


You could see a centaur warrior and an orc priest.

Vanquished Creatures
  Psyche (D:8)
  A troll (D:9)
  A vampire (D:9)
  4 yaks (D:8)
  A steam dragon (D:6)
  Menkaure (D:4)
  2 water moccasins
  3 orc warriors
  3 ice beasts
  3 sky beasts
  3 ogres
  A kobold brigand (D:9)
  A phantom (D:5)
  4 bullfrogs
  A necrophage (D:4)
  4 scorpions
  2 gnoll sergeants (D:9)
  19 wights
  10 killer bees
  4 howler monkeys (D:9)
  A jelly (D:8)
  3 gnoll boudas
  2 orc priests
  A hound (D:7)
  Ijyb (D:5)
  11 orc wizards
  20 gnolls
  5 adders
  2 shadow imps (D:7)
  A white imp (D:7)
  An ufetubus (D:6)
  A dart slug (D:4)
  8 orcs
  10 endoplasms
  6 giant cockroaches
  9 goblins
  7 hobgoblins
  6 jackals
  6 quokkas
  8 ball pythons
  A bat (D:1)
  2 frilled lizards
  8 kobolds
  7 rats
196 creatures vanquished.

Vanquished Creatures (others)
  484 foxfires
484 creatures vanquished.

Grand Total: 680 creatures vanquished

Notes
Turn   | Place    | Note
-------+----------+-------------------------------------------
     0 | D:5      | Monkooky the Demigod Delver began the quest for the Orb.
     0 | D:5      | Reached XP level 1. HP: 18/18 MP: 3/3
    45 | D:5      | Found a staircase to the Ecumenical Temple.
   142 | D:4      | Noticed an orc priest
   253 | D:4      | Learned a level 1 spell: Foxfire
   428 | D:1      | Reached XP level 2. HP: 13/25 MP: 2/5
   492 | D:1      | Reached skill level 1 in Conjurations
   492 | D:1      | Reached skill level 1 in Fire Magic
   794 | D:1      | Reached XP level 3. HP: 24/30 MP: 6/6
  2255 | D:3      | Noticed Terence
  2788 | D:3      | Reached XP level 4. HP: 37/37 MP: 3/7
  3178 | D:4      | Noticed a necrophage
  3309 | D:4      | Noticed Menkaure
  3330 | D:4      | Killed Menkaure
  3331 | D:4      | Reached skill level 1 in Spellcasting
  3331 | D:4      | Reached XP level 5. HP: 42/42 MP: 3/9
  3336 | D:4      | Learned a level 4 spell: Sticky Flame
  4176 | D:4      | Noticed an ice beast
  4186 | D:4      | Killed an ice beast
  4187 | D:4      | Reached XP level 6. HP: 50/50 MP: 5/12
  4712 | D:5      | Noticed Ijyb
  4728 | D:5      | Killed Ijyb
  4856 | D:5      | Reached XP level 7. HP: 52/56 MP: 1/14
  5066 | D:5      | Learned a level 5 spell: Fireball
  5513 | D:6      | Reached skill level 5 in Conjurations
  5513 | D:6      | Reached skill level 5 in Fire Magic
  5648 | D:6      | Identified the amulet of Dawn {Reflect rPois Dex+4 SH+5}
  5690 | D:5      | Reached XP level 8. HP: 23/62 MP: 4/17
  6657 | D:7      | Reached skill level 5 in Spellcasting
  6850 | D:7      | Reached XP level 9. HP: 51/68 MP: 2/20
  7745 | D:7      | Learned a level 6 spell: Starburst
  7749 | D:7      | Learned a level 3 spell: Ignite Poison
  7987 | D:8      | Found a runed translucent gate.
  7988 | D:8      | Found a runed translucent gate.
  7989 | D:8      | Found a runed translucent gate.
  7991 | D:8      | Noticed asti's ghost (novice MiBe)
  8052 | D:8      | Noticed Psyche
  8187 | D:8      | Killed Psyche
  8774 | D:9      | Reached XP level 10. HP: 74/74 MP: 17/23
  9100 | D:9      | Found a staircase to the Lair.
 10040 | D:9      | Found a runed translucent door.
 10455 | D:9      | Found a runed translucent door.
 10559 | D:9      | Noticed a centaur warrior
 10572 | D:9      | Killed from afar by an orc priest

Illustrated notes

Levels and vault maps discovered:
D:1:      kilobyte_arrival_exit_the_forest, layout_loops_ring,
          ebering_ecumenical_altar_webs
D:2:      layout_loops_ring
D:3:      layout_basic, minmay_overflow_temple_star_hex, old_standard_altar,
          grunt_decor_clamped, uniq_terence
D:4:      layout_basic, amcnicky_altar_gilded, nicolae_dithmenos_the_darkroom,
          kennysheep_generic_room_8, uniq_menkaure
D:5:      layout_gridville, old_standard_altar, vehumet_crystals,
          minmay_temple_entry_large_hall, uniq_ijyb
D:6:      layout_rooms, lemuel_tele_altar, mainiacjoe_overflow_cross_hatched,
          overflow_temple_1_default
D:7:      layout_cave_pools, kennysheep_orc_sif_temple,
          nicolae_wu_jian_immortal_techniques
D:8:      layout_cave_pools, mainiacjoe_overflow_surrounded_room,
          mainiacjoe_overflow_alcove_2, biasface_ghost_orc_armoury,
          chequers_serial_rivers_micro_a, uniq_psyche
D:9:      cheibrodos_histonic, layout_stronghold, kennysheep_ying_yang,
          tso_oasis_becter, minmay_variable_closet

Skill      XL: |  1  2  3  4  5  6  7  8  9 10 |
---------------+-------------------------------+-----
Conjurations   | 1 2 3 4 5 6 8 9 |  9.0
Fire Magic     | 1 2 3 4 5 6 8 9 |  9.0
Spellcasting   | 1 2 4 5 6 |  6.4
Fighting       | |  2.6
Short Blades   | |  1.7
Dodging        | |  1.7
Stealth        | |  4.5

Action                     |  1- 3 |  4- 6 |  7- 9 | 10-12 || total
---------------------------+-------+-------+-------+-------++-------
  Melee: Dagger            |   122 |    19 |    31 |       ||   172
         Punch             |     2 |       |       |       ||     2
         Flail             |       |       |       |     3 ||     3
   Cast: Foxfire           |    41 |    70 |   103 |    71 ||   285
         Sticky Flame      |       |     4 |    19 |     4 ||    27
         Fireball          |       |       |    24 |    16 ||    40
  Evoke: Wand              |       |     1 |     2 |       ||     3
    Use: Scroll            |     2 |       |    11 |     1 ||    14
         Potion            |       |       |     1 |     2 ||     3
   Stab: Sleeping          |    10 |     4 |       |       ||    14
 Armour: Leather armour    |    60 |     1 |       |       ||    61
         Robe              |       |     1 |    11 |     3 ||    15
  Dodge: Dodged            |    84 |     9 |    32 |    10 ||   135
  Block: Other             |       |       |     3 |     2 ||     5

Table legend: (Time is in decaauts)
 A = Elapsed time spent in this place.
 B = Non-inter-level travel time spent in this place.
 C = Inter-level travel time spent in this place.
 D = Time resting spent in this place.
 E = Time spent auto-exploring this place.
 F = Levels seen in this place.
 G = Mean time per level.
                   A        B        C        D        E       F      G
               +--------+--------+--------+--------+--------+-----+--------+
         Total |  10564 |  10187 |    377 |   1339 |   7278 |   9 | 1173.8 |
       Dungeon |  10564 |  10187 |    377 |   1339 |   7278 |   9 | 1173.8 |
               +--------+--------+--------+--------+--------+-----+--------+

Top non-repeatable levels by time:
     D:9: 1810 daAuts
     D:5: 1690 daAuts
     D:4: 1491 daAuts
     D:7: 1137 daAuts
     D:3: 1015 daAuts
     D:1: 1001 daAuts
     D:6: 834 daAuts
     D:8: 812 daAuts
     D:2: 771 daAuts
